 Dungeon Crawl Stone Soup version 0.28.0-45-g0d030f2227 (webtiles) character file.

Game seed: 9449844926250182494

121 Stalin1878 the Cudgeller (level 5, 0/47 HPs)
             Began as a Hill Orc Berserker on Apr 1, 2022.
             Was a Believer of Trog.
             Splashed by a jelly's acid (10 damage)
             ... on level 3 of the Dungeon.
             The game lasted 00:17:34 (3697 turns).

Stalin1878 the Cudgeller (Hill Orc Berserker)       Turns: 3697, Time: 00:17:46

Health: 0/47       AC: -1    Str: 28    XL:     5   Next: 5%
Magic:  5/5        EV: 11    Int:  7    God:    Trog [**....]
Gold:   76         SH:  0    Dex: 10    Spells: 4/4 levels left

rFire   + . .      SeeInvis .   a - +0 mace
rCold   x . .      Faith    .   (no shield)
rNeg    . . .      Spirit   .   g - +0 ring mail
rPois   .          Reflect  .   (no helmet)
rElec   .          Harm     .   (no cloak)
rCorr   .          Rampage  .   c - +0 pair of gloves
Will    .....                   (no boots)
Stlth   ..........              j - amulet of the acrobat
HPRegen 0.15/turn               h - ring of fire
MPRegen 0.09/turn               o - +6 ring of strength

@: corroded
A: no striking features
a: Renounce Religion, Berserk, Trog's Hand


You were on level 3 of the Dungeon.
You worshipped Trog.
Trog was pleased with you.
You visited 1 branch of the dungeon, and saw 3 of its levels.

You collected 134 gold pieces.
You spent 58 gold pieces at shops.

Inventory:

Hand Weapons
 a - a +0 mace (weapon)
Armour
 c - a +0 pair of gloves (worn)
 g - a +0 ring mail (worn)
Jewellery
 h - a ring of fire (left hand)
 j - an amulet of the acrobat (around neck)
 o - a +6 ring of strength (right hand)
Wands
 k - a wand of acid (11)
Scrolls
 b - 2 scrolls of identify {unknown}
 n - a scroll of silence {unknown}
Potions
 d - 2 potions of curing
 e - a potion of ambrosia {unknown}
 f - a potion of berserk rage {unknown}
 i - a potion of might {unknown}
 l - a potion of flight {unknown}


   Skills:
 + Level 4.5 Fighting
 + Level 4.7 Maces & Flails
 + Level 3.1 Armour
 + Level 2.0 Dodging


You had 4 spell levels left.
You didn't know any spells.
Your spell library contained the following spells:

 Spells                   Type           Power      Damage    Failure   Level
 Sandblast                Erth           0%         2d4       56%         1
 Passwall                 Tmut/Erth      0%         N/A       71%         2
 Gell's Gravitas          Tloc           0%         N/A       90%         3
 Lesser Beckoning         Tloc           0%         N/A       90%         3
 Stone Arrow              Conj/Erth      0%         3d7       90%         3
 Teleport Other           Tloc           0%         N/A       90%         3


Dungeon Overview and Level Annotations

Branches:
Dungeon (3/15)

Altars:
Elyvilon

Shops:
D:2 [


Message History

The dart slug launches a dart at you. The slug dart misses you.
Found a jewelled bone wand and 3 gold pieces.
The dart slug completely misses you. The dart slug misses you.
The dart slug launches a dart at you. The slug dart misses you.
You sock the dart slug!
You kill the dart slug!
Trog accepts your kill.
You see here a dart slug corpse.
You see here a dart slug corpse.
You feel yourself speed up.
Found 26 arrows.
k - a wand of acid (11)
You now have 76 gold pieces (gained 3).
You recover from your berserk rage.
A jelly comes into view.
The jelly quivers.
The jelly barely misses you.
You hit the jelly. The acid corrodes you!
Your hands burn!
The jelly is lightly wounded.
The jelly hits you.
You are splashed with acid!
The jelly completely misses you.
You hit the jelly but do no damage.
Your hands burn!
The jelly is lightly wounded.
The jelly barely misses you.
You hit the jelly.
Your hands burn!
The jelly is lightly wounded.
The jelly hits you but does no damage.
You hit the jelly.
Your hands burn!
The jelly is moderately wounded.
The jelly hits you. The acid corrodes you!
You are splashed with acid!
* * * LOW HITPOINT WARNING * * *
You sock the jelly!
Your hands burn!
* * * LOW HITPOINT WARNING * * *
The jelly is severely wounded.
The jelly hits you.
* * * LOW HITPOINT WARNING * * *
You are splashed with acid!
You die...

#. #........
#.#########..≈≈§§≈≈
..............§§..
#.#####......##.##
#.## #.###.###.##
#..# #.# #.# #.#. .
#.## #.# #.# #.#.
....####..# #.# #.#
#.'.
.......@#.###.# #.#
###.
.......J#..##.# #.#
#.. ........##.##.#
#.# #..
..$.....##.##.# #.#
#.. ........##.##.#
#.# #..
##########..#.# #.#
#.. ##.#.###.# #..
######.#.....# ###
..........##..#


You could see a jelly.

Vanquished Creatures
  5 adders
  2 dart slugs
  5 orcs
  6 endoplasms
  A giant cockroach (D:2)
  5 goblins
  8 hobgoblins
  2 jackals (D:3)
  5 kobolds
  5 quokkas
  2 ball pythons (D:1)
  5 bats
  6 frilled lizards
  6 rats
63 creatures vanquished.

Notes
Turn   | Place    | Note
-------+----------+-------------------------------------------
     0 | D:1      | Stalin1878 the Hill Orc Berserker began the quest for the
                  | Orb.
     0 | D:1      | Reached XP level 1. HP: 19/19 MP: 1/1
   268 | D:1      | Reached XP level 2. HP: 23/27 MP: 2/2
   949 | D:1      | Found a faded altar of an unknown god.
   995 | D:1      | Reached XP level 3. HP: 33/33 MP: 3/3
  2161 | D:2      | Reached XP level 4. HP: 40/40 MP: 4/4
  2559 | D:2      | Found Wuwnif's Armour Emporium.
  2609 | D:2      | Bought a +0 pair of gloves for 58 gold pieces
  3352 | D:3      | Reached ** piety under Trog
  3524 | D:3      | Found a white marble altar of Elyvilon.
  3601 | D:3      | Reached XP level 5. HP: 47/47 MP: 5/5
  3697 | D:3      | Splashed by a jelly's acid

Illustrated notes

Levels and vault maps discovered:
D:1:      giann_horns, layout_basic, ebering_ecumenical_altar_sacrificial,
          minmay_hexomino_u4
D:2:      layout_basic, serial_shops, shop, guppyfry_early_orc_mine
D:3:      layout_basic, mainiacjoe_overflow_brackets, serial_park_tiny_2

Skill      XL: |  1  2  3  4 |
---------------+-------------+-----
Fighting       | 4 |  4.5
Maces & Flails | 4 |  4.7
Dodging        | 2 |  2.0
Armour         | 3 |  3.1

Action                   |  1- 3 |  4- 6 || total
-------------------------+-------+-------++-------
Melee: Mace              |   116 |    81 ||   197
Invok: Berserk           |     3 |     2 ||     5
  Use: Scroll            |     1 |       ||     1
Armor: Leather armour    |     5 |       ||     5
       Animal skin       |     1 |       ||     1
       Ring mail         |    33 |    39 ||    72
Dodge: Dodged            |    95 |    90 ||   185
